 Dungeon Crawl Stone Soup version 0.27-a0-401-gea03ee85fd (webtiles) character file.

Game seed: 7806551371737236402

3522 HoaS the Gouger (level 9, -3/46 HPs)
             Began as a Felid Fighter on Feb 21, 2021.
             Was a Priest of Makhleb.
             Slain by Joseph
             ... wielding a +0 quarterstaff
              (7 damage)
             ... on level 8 of the Dungeon.
             The game lasted 00:16:10 (9875 turns).

HoaS the Gouger (Felid Fighter)                     Turns: 9875, Time: 00:16:11

Health: -3/46      AC:  2    Str: 12    XL:     9   Next: 81%
Magic:  10/10      EV: 26    Int:  9    God:    Makhleb [***...]
Gold:   425        SH:  0    Dex: 19    Spells: 8/8 levels left
                                        Lives:  0   Deaths: 2

rFire    . . .     SeeInvis +     - Unarmed
rCold    . . .     Faith    .   (shield unavailable)
rNeg     . . .     Spirit   .   (armour unavailable)
rPois    .         Reflect  .   (helmet unavailable)
rElec    .         Harm     .   (cloak unavailable)
rCorr    .         Rampage  .   (gloves unavailable)
Will     ++...                  (boots unavailable)
Stlth    ++........             (no amulet)
HPRegen  0.15/turn              q - ring of willpower
MPRegen  0.12/turn              (no ring)

@: quick
A: very small, no armour, no weapons or thrown items, stealth, claws 1, fangs 3,
see invisible, speed 1, shaggy fur 2, sharp paws
a: Renounce Religion, Minor Destruction, Lesser Servant of Makhleb


You were on level 8 of the Dungeon.
You worshipped Makhleb.
Makhleb was most pleased with you.
You visited 2 branches of the dungeon, and saw 9 of its levels.

You collected 425 gold pieces.

Inventory:

Jewellery
 j - the ring of Pehyg {+Blink +Fly rF+ rC- Will++}
   (You found it on level 4 of the Dungeon)

   [ring of protection from fire]

   It protects you from fire.
   It makes you vulnerable to cold.
   It affects your willpower, your defense against some magical effects.
   It lets you fly.
   It lets you blink.
 q - a ring of willpower (left paw)
Wands
 h - a wand of paralysis (10)
 k - a wand of mindburst (19) (quivered)
Scrolls
 c - 3 scrolls of identify
 e - 2 scrolls of fog
 l - a scroll of magic mapping
 o - a scroll of fear
 p - a scroll of teleportation
Potions
 a - 3 potions of curing
 b - a potion of flight
 d - 2 potions of magic
 f - a potion of brilliance
 g - a potion of mutation
 i - 2 potions of lignification
 m - a potion of heal wounds
 n - a potion of invisibility {unknown}


   Skills:
 * Level 9.9 Fighting
 + Level 9.7 Dodging
 * Level 10.3 Unarmed Combat


You had 8 spell levels left.
You didn't know any spells.
Your spell library contained the following spells:

 Spells                   Type           Power        Failure   Level
 Corona                   Hex            0%           38%         1
 Ensorcelled Hibernation  Hex/Ice        0%           52%         2
 Confusing Touch          Hex            0%           77%         3
 Dazzling Flash           Conj/Hex       0%           77%         3
 Gell's Gravitas          Tloc           0%           77%         3
 Tukima's Dance           Hex            0%           77%         3
 Petrify                  Tmut/Erth      0%           99%         4
 Metabolic Englaciation   Hex/Ice        0%           100%        5
 Yara's Violent Unravell  Hex/Tmut       0%           100%        5


Dungeon Overview and Level Annotations

Branches:
Dungeon (8/15)             Temple (1/1) D:4
   Lair: D:8-11

Altars:
Ashenzari
Cheibriados
Dithmenos
Elyvilon
Fedhas
Gozag
Hepliaklqana
Kikubaaqudgha
Makhleb
Nemelex Xobeh
Okawaru
Qazlal
Ru
Sif Muna
Trog
Uskayaw
Vehumet
Wu Jian
Xom
Yredelemnul
Zin
The Shining One
Beogh

Shops:
D:7 !

Annotations:
D:8 Joseph


Innate Abilities, Weirdness & Mutations

You cannot wear armour.
You are incapable of wielding weapons or throwing items.
Your paws allow you to move quietly. (Stealth)
You have sharp claws.
You have razor-sharp teeth.
You have supernaturally acute eyesight. (SInv)
You cover ground quickly.
You are covered in thick fur. (AC +2)
Your sharp claws are effective at attacking unaware monsters.


Message History

You scratch the sky beast but do no damage.
The sky beast is almost dead.
You claw the sky beast!
You kill the sky beast!
Makhleb accepts your kill.
Joseph unwields a +0 quarterstaff.
Joseph wields a +0 hunting sling.
Joseph shoots a sling bullet.
The sling bullet hits you!
You scratch Joseph but do no damage. You claw Joseph.
Joseph is lightly wounded.
Joseph unwields a +0 hunting sling.
Joseph wields a +0 quarterstaff.
Joseph closely misses you.
You barely miss Joseph. You bite Joseph, but do no damage.
Joseph is lightly wounded.
You barely miss Joseph.
Joseph is lightly wounded.
Joseph completely misses you.
You claw Joseph! You bite Joseph.
Joseph is moderately wounded.
Joseph hits you with a +0 quarterstaff!
You closely miss Joseph. You bite Joseph.
Joseph is moderately wounded.
Joseph barely misses you.
You mangle Joseph!! You claw Joseph.
Joseph is severely wounded.
You barely miss Joseph.
Joseph is severely wounded.
Joseph barely misses you.
You scratch Joseph.
Joseph is severely wounded.
Joseph barely misses you.
You closely miss Joseph.
Joseph is severely wounded.
Joseph hits you with a +0 quarterstaff!!
* * * LOW HITPOINT WARNING * * *
You scratch Joseph.
Joseph is severely wounded.
You claw Joseph!
Joseph is almost dead.
Joseph hits you with a +0 quarterstaff!
You die...

##### #...# ### #.#.#
...# #### ####.#.####
.....
...####....#.<..##......
).......#######.@@.>....
.#.####....#....##......
.#.## ###..#.#### .....
....# ..# ...# .##.# ...
.## .##.# .### # .##.# #
.##.# .##.#


You could see Joseph.

Vanquished Creatures
  2 two-headed ogres
  Maurice (D:8)
  A wyvern (D:7)
  Sigmund (D:2)
  A water moccasin (D:4)
  2 orc warriors
  An ice beast (D:7)
  2 sky beasts
  A necrophage (D:5)
  3 ogres
  2 centaurs
  A bullfrog (D:7)
  19 killer bees
  A jelly (D:6)
  A quasit (D:7)
  A bullfrog skeleton (D:7)
  4 hounds
  2 orc priests
  A gnoll shaman (D:7)
  2 iguanas (D:7)
  4 orc wizards
  3 worker ants
  A hound skeleton (D:6)
  3 gnolls (D:7)
  9 adders
  2 shadow imps
  2 white imps (D:5)
  An ufetubus (D:6)
  2 oozes (D:2)
  An adder zombie (D:8)
  2 worms
  2 dart slugs (D:1)
  3 leopard geckos
  22 orcs
  3 ball pythons
  4 bats
  6 giant cockroaches
  2 gnoll zombies (D:5)
  6 goblins
  3 hobgoblins
  3 jackals (D:4)
  5 quokkas
  5 frilled lizards
  2 jackal skeletons
  9 kobolds
  A quokka zombie (D:6)
  3 rats
158 creatures vanquished.

Notes
Turn   | Place    | Note
-------+----------+-------------------------------------------
     0 | D:1      | HoaS the Felid Fighter began the quest for the Orb.
     0 | D:1      | Reached XP level 1. HP: 10/10 MP: 2/2
   421 | D:1      | Reached XP level 2. HP: 6/14 MP: 3/3
   912 | D:1      | Found a roughly hewn altar of Beogh.
   912 | D:1      | Noticed an orc warrior
  1031 | D:2      | Noticed Sigmund
  1707 | D:2      | Reached XP level 3. HP: 17/17 MP: 4/4
  2135 | D:2      | Reached XP level 4. HP: 18/22 MP: 5/5
  2414 | D:2      | Killed Sigmund
  2415 | D:2      | Reached skill level 5 in Dodging
  2415 | D:2      | Reached skill level 5 in Unarmed Combat
  2415 | D:2      | Reached XP level 5. HP: 15/25 MP: 6/6
  2646 | D:3      | You fall into a shaft and drop 2 floors!
  2646 | D:5      | Entered Level 5 of the Dungeon
  2666 | D:4      | Found a staircase to the Ecumenical Temple.
  2678 | D:4      | Got a fine copper ring
  2679 | D:4      | Identified the ring of Pehyg {+Blink +Fly rF+ rC- Will++}
                  | (You found it on level 4 of the Dungeon)
  2688 | Temple   | Entered the Ecumenical Temple
  3024 | Temple   | Became a worshipper of Makhleb the Destroyer
  3799 | D:5      | Gained mutation: You are covered in thick fur. (AC +2)
                  | [Felid growth]
  3799 | D:5      | Reached XP level 6. HP: 26/29 MP: 7/7
  3801 | D:5      | Found a shadowy altar of Dithmenos.
  3812 | D:5      | Noticed a water moccasin
  3842 | D:4      | Killed a water moccasin
  3843 | D:4      | Reached skill level 5 in Fighting
  4108 | D:5      | Reached skill level 6 in Unarmed Combat
  4642 | D:5      | Found a basalt altar of Yredelemnul.
  4665 | D:5      | Reached * piety under Makhleb
  4709 | D:5      | Reached XP level 7. HP: 23/33 MP: 8/8
  5776 | D:5      | Reached skill level 7 in Unarmed Combat
  5882 | D:6      | Found a bloodstained altar of Trog.
  6370 | D:5      | Reached XP level 8. HP: 17/39 MP: 9/9
  6799 | D:7      | Mangled by an orc warrior
  6800 | D:7      | Reached XP level 7. HP: -8/35 MP: 8/8
  7215 | D:7      | Reached skill level 8 in Unarmed Combat
  7219 | D:7      | Reached ** piety under Makhleb
  7220 | D:7      | Reached XP level 8. HP: 18/40 MP: 9/9
  7238 | D:6      | Slain by a killer bee
  7239 | D:6      | Reached XP level 7. HP: -4/36 MP: 8/8
  7562 | D:7      | Noticed a wyvern
  7584 | D:7      | Killed a wyvern
  7585 | D:7      | Reached XP level 8. HP: 33/40 MP: 9/9
  7621 | D:6      | HP: 2/40 [killer bee (1)]
  8290 | D:7      | Reached skill level 9 in Unarmed Combat
  8673 | D:7      | Noticed a two-headed ogre
  8685 | D:7      | Killed a two-headed ogre
  8686 | D:7      | Reached XP level 9. HP: 31/45 MP: 10/10
  8864 | D:7      | Found Yrianom's Distillery.
  8903 | D:7      | Reached *** piety under Makhleb
  9730 | D:8      | Noticed Maurice
  9743 | D:8      | Killed Maurice
  9744 | D:8      | Reached skill level 10 in Unarmed Combat
  9819 | D:8      | Noticed a two-headed ogre
  9828 | D:8      | Killed a two-headed ogre
  9854 | D:8      | Noticed Joseph
  9875 | D:8      | Slain by Joseph

Illustrated notes

Levels and vault maps discovered:
D:1:      erik_arrival_cave_to_civilisation [erik_arrival_cave_to_temple],
          layout_loops_ring, solitary_fountain, serial_park_tiny_2
D:2:      layout_rooms, minmay_tetromino_l2, uniq_sigmund
D:3:      layout_rooms, cheibrodos_sewer_entry_bend
D:4:      layout_basic, minmay_temple_entry_overgrown
D:5:      layout_cave_pools, lemuel_zombie_altar_yredelemnul, basic_altar,
          hangedman_glass_teeth
D:6:      layout_basic, basic_altar, st_stairs_1
D:7:      layout_basic, serial_shops, nicolae_shop_trees
D:8:      layout_loops_corners, uniq_maurice, uniq_joseph
Temple:   nicolae_temple_the_god_donut

Skill      XL: |  1  2  3  4  5  6  7  8  9 |
---------------+----------------------------+-----
Fighting       | 4 5 8 9 |  9.9
Dodging        | 5 6 8 9 |  9.7
Unarmed Combat | 5 6 8 9 10 | 10.3

Action                   |  1- 3 |  4- 6 |  7- 9 || total
-------------------------+-------+-------+-------++-------
Melee: Unarmed           |    93 |   137 |   401 ||   631
       Bite              |    11 |    13 |    43 ||    67
       Punch             |     2 |     4 |    23 ||    29
Evoke: Wand              |       |       |     5 ||     5
  Use: Scroll            |     4 |     8 |     4 ||    16
       Potion            |       |     1 |       ||     1
 Stab: Sleeping          |       |     2 |     3 ||     5
       Distracted        |       |       |     1 ||     1
Armor: Skin              |     4 |     4 |    12 ||    20
Dodge: Dodged            |    57 |   131 |   416 ||   604

Table legend: (Time is in decaauts)
 A = Elapsed time spent in this place.
 B = Non-inter-level travel time spent in this place.
 C = Inter-level travel time spent in this place.
 D = Time resting spent in this place.
 E = Time spent auto-exploring this place.
 F = Levels seen in this place.
 G = Mean time per level.
                   A        B        C        D        E       F      G
               +--------+--------+--------+--------+--------+-----+--------+
         Total |   8968 |   8775 |    193 |   4686 |   2653 |   9 |  996.4 |
       Dungeon |   8694 |   8505 |    189 |   4686 |   2408 |   8 | 1086.8 |
        Temple |    273 |    269 |      4 |      0 |    244 |   1 |  273.0 |
               +--------+--------+--------+--------+--------+-----+--------+

Top non-repeatable levels by time:
     D:5: 1847 daAuts
     D:7: 1637 daAuts
     D:6: 1526 daAuts
     D:2: 1360 daAuts
     D:4: 1077 daAuts
     D:1: 946 daAuts
  Temple: 273 daAuts
     D:8: 219 daAuts
     D:3: 78 daAuts
